 Dungeon Crawl Stone Soup version 0.19.0-2-gae57169 (webtiles) character file.

15 jacquesderrida the Sneak (level 2, -1/14 HPs)
             Began as a Vine Stalker Wanderer on Nov 5, 2016.
             Slain by a jackal (2 damage)
             ... on level 3 of the Dungeon.
             The game lasted 00:00:46 (283 turns).

jacquesderrida the Sneak (Vine Stalker Wanderer)     Turns: 283, Time: 00:00:47

Health: -1/14      AC:  2    Str: 14    XL:     2   Next: 50%
Magic:  0/3        EV: 13    Int: 10    God:
Gold:   40         SH:  0    Dex: 15    Spells: 0 memorised, 1 level left

rFire  . . .     SeeInvis .     e - +0 dagger
rCold  . . .     Gourm    +     d - +0 robe
rNeg   . . .     Faith    .     (no shield)
rPois  .         Spirit   +     (no helmet)
rElec  .         Reflect  .     (no cloak)
rCorr  .         Harm     .     (no gloves)
MR     .....                    (no boots)
Stlth  ++........               h - amulet of the gourmand
                                (no ring)
                                (no ring)

@: no status effects
A: fangs 2, magic shield, antimagic bite, no device heal 3, rot immunity
a: no special abilities


You were on level 3 of the Dungeon.
You were not hungry.

You visited 1 branch of the dungeon, and saw 3 of its levels.

You collected 40 gold pieces.

Inventory:

Hand Weapons
 e - a +0 dagger (weapon)
Armour
 a - a +0 shield
 d - a +0 robe (worn)
Jewellery
 h - an amulet of the gourmand (around neck)
Scrolls
 g - a scroll of teleportation {unknown}
 i - 2 scrolls of identify {unknown}
 j - a scroll of recharging {unknown}
 l - a scroll of noise {unknown}
Potions
 b - a potion of lignification
 c - 2 potions of curing
Comestibles
 f - a bread ration
 k - a meat ration


   Skills:
 + Level 1.2 Fighting
   Level 1.0 Maces & Flails
 - Level 1.0 Armour
 - Level 2.4 Dodging
 - Level 2.4 Stealth
 - Level 1.0 Shields
 * Level 2.2 Unarmed Combat


You had one spell level left.
You didn't know any spells.

Dungeon Overview and Level Annotations

Branches:
Dungeon (3/15)

Altars:
Dithmenos


Innate Abilities, Weirdness & Mutations

You have extremely sharp teeth.
When hurt, damage is shared between your health and your magic reserves.
Your bite disrupts and absorbs the magic of your enemies.
Potions and wands cannot restore your health.
You are immune to rotting.


Message History

The jackal misses you. The jackal barely misses you.
You barely miss the jackal. You bite the jackal. You drain its power.
You kill the jackal!
The jackal barely misses you.
You hit the jackal.
The jackal is lightly wounded.
The jackal barely misses you.
You closely miss the jackal. Your bite misses the jackal.
The jackal is lightly wounded.
The jackal bites you.
* * * LOW HITPOINT WARNING * * *
The jackal closely misses you.
You hit the jackal but do no damage. You bite the jackal, but do no damage.
The jackal bites you.
You hit the jackal but do no damage. Your bite misses the jackal.
The jackal misses you.
You hit the jackal.
The jackal is lightly wounded.
The jackal barely misses you. The jackal bites you.
You die...

#.#.##(##.# #..#.......
#......##.# #(.##.†...#
##......##.# #..####.###
#.....†....######..........
##................#........
.....<..............####.#.
####.#####.####.....# #.#.
#. #h# #.....####.#. # #@#
#............
#.####.....####.#.
#...............#<
################## # #


You could see a jackal.

Vanquished Creatures
  An ooze (D:3)
  A worm (D:2)
  A leopard gecko (D:3)
  A hobgoblin (D:3)
  2 jackals (D:3)
  A rat (D:3)
7 creatures vanquished.

Notes
Turn   | Place    | Note
-------+----------+-------------------------------------------
     0 | D:1      | jacquesderrida the Vine Stalker Wanderer began the quest for the Orb.
     0 | D:1      | jacquesderrida set off with: a +0 shield, a potion of lignification, a potion of curing, a +0 robe, a +0 dagger, a bread ration
     0 | D:1      | Reached XP level 1. HP: 10/10 MP: 2/2
   214 | D:3      | Reached XP level 2. HP: 4/14 MP: 1/3
   216 | D:3      | Found a shadowy altar of Dithmenos.
   283 | D:3      | Slain by a jackal

Skill      XL: |  1 |
---------------+----+-----
Unarmed Combat | 2 |  2.2
Fighting       | |  1.2
Maces & Flails | |  1.0
Armour         | |  1.0
Dodging        | |  2.4
Stealth        | |  2.4
Shields        | |  1.0

Action                   || total
-------------------------++-------
Melee: Dagger            ||    51
       Bite              ||    15
 Stab: Sleeping          ||     1
Armor: Robe              ||     8
Dodge: Dodged            ||    32
Block: Shield            ||     6
